AoeStats
← 只会打步弓

Runestones

507942650Analyzed
1v1 RM · 12d ago on Sep 20, 2026· 73m 20s· 2 players
Game mode
Random Map
Map size
Tiny (2 player)
Population
200
Speed
Normal
Resources
Standard
Victory
Conquest
Starting age
Dark Age
Ending age
Imperial Age
RankedLock teamsTeams togetherTeam positionsShared explorationLock speedFull tech treeHidden civsTurbo modeCheats
Victory
Defeat
🇨🇳 Magyars · China
1887
+26
🇩🇪 Japanese · Germany
2136
-26
只会打步弓
6:41 Loom
9:14 Feudal Age
9:58 Double-Bit Axe
11:47 Horse Collar
20:25 Castle Age
20:40 Town Watch
22:42 Wheelbarrow
22:23 Fletching
38:35 Imperial Age
37:12 Hand Cart
38:08 Bodkin Arrow
38:54 Ballistics
38:52 Thumb Ring
38:48 Padded Archer Armor
38:43 Gold Mining
38:44 Stone Mining
39:38 Conscription
39:20 Bracer
40:22 Chemistry
40:50 Leather Archer Armor
40:48 Masonry
41:10 Bow Saw
41:09 Recurve Bow
41:21 Town Patrol
40:46 Heavy Cavalry Archer
41:51 Parthian Tactics
42:20 Gold Shaft Mining
43:14 Ring Archer Armor
43:28 Siege Engineers
43:04 Treadmill Crane
43:41 Elite Skirmisher
44:46 Scale Barding Armor
45:50 Chain Barding Armor
45:42 Husbandry
45:52 Bloodlines
45:03 Light Cavalry
48:13 Plate Barding Armor
47:30 Hussar
55:16 Scale Mail Armor
56:47 Two-Man Saw
55:49 Heavy Plow
58:56 Chain Mail Armor
59:14 Crop Rotation
[o.p.]King_Marv
6:54 Loom
9:30 Feudal Age
10:04 Horse Collar
10:09 Double-Bit Axe
16:47 Town Watch
19:24 Castle Age
18:20 Gold Mining
18:22 Fletching
20:29 Bow Saw
20:33 Bodkin Arrow
21:55 Ballistics
24:38 Wheelbarrow
25:52 Guard Tower
32:44 Wheelbarrow
34:59 Hand Cart
40:17 Imperial Age
38:16 Padded Archer Armor
38:48 Yasama
38:36 Elite Skirmisher
40:50 Leather Archer Armor
42:00 Chemistry
41:04 Bracer
41:38 Arrowslits
43:30 Ring Archer Armor
44:04 Keep
44:33 Conscription
44:05 Heavy Cavalry Archer
45:11 Parthian Tactics
45:14 Kataparuto
47:09 Bloodlines
49:19 Scale Barding Armor
49:22 Husbandry
48:43 Light Cavalry
53:19 Pikeman
54:01 Scale Mail Armor
54:08 Halberdier
55:23 Chain Mail Armor
56:38 Plate Mail Armor
56:55 Forging
58:52 Iron Casting
59:20 Squires
63:59 Chain Barding Armor
67:29 Blast Furnace
Connection lost

Rejoining the realm…

Still unreachable

The connection could not be restored.

Session expired

The server has moved on; the page needs a fresh start.